AoeStats
← 从不压堡之人

Arena

508877525Analyzed
4v4 RM · 8d ago on Sep 24, 2026· 37m 25s· 8 players
Game mode
Random Map
Map size
Large (8 player)
Population
200
Speed
Normal
Resources
Standard
Victory
Conquest
Starting age
Dark Age
Ending age
Imperial Age
RankedLock teamsTeams togetherTeam positionsShared explorationLock speedFull tech treeHidden civsTurbo modeCheats
Victory
Defeat
1214
+11
🇨🇳 Poles · China
1129
+15
🇨🇳 Spanish · China
1111
+15
🇭🇰 Danes · Hong Kong SAR China
1048
+18
🇵🇹 Bengalis · Portugal
1142
-17
🇮🇹 Danes · Italy
1104
-15
🇹🇷 Vikings · Türkiye
1082
-14
🇪🇸 Khmer · Spain
1059
-13
juanem92
10:32 Feudal Age
11:09 Double-Bit Axe
11:05 Horse Collar
18:35 Castle Age
17:01 Gold Mining
17:01 Stone Mining
20:12 Bow Saw
20:04 Heavy Plow
27:54 Imperial Age
Pablito
11:35 Feudal Age
16:11 Castle Age
14:01 Loom
16:17 Castle Age
16:16 Forging
17:11 Light Cavalry
25:09 Redemption
31:05 Wheelbarrow
34:56 Imperial Age
32:27 Double-Bit Axe
32:29 Horse Collar
35:45 Hand Cart
35:38 Heavy Plow
35:54 Gold Mining
36:25 Fletching
36:36 Padded Archer Armor
ozeton
13:00 Feudal Age
13:37 Man-at-Arms
14:07 Horse Collar
14:14 Double-Bit Axe
14:22 Stone Mining
18:19 Scale Mail Armor
22:21 Castle Age
20:30 Gold Mining
21:21 Forging
23:14 Squires
23:33 Chain Mail Armor
23:59 Gold Shaft Mining
23:36 Bow Saw
23:39 Heavy Plow
24:05 Arson
27:44 Iron Casting
34:07 Imperial Age
33:17 Chieftains
34:09 Elite Varangian Guard
35:51 Blast Furnace
35:22 Plate Mail Armor
34:14 Capped Ram
35:49 Siege Ram
Ottone il Grande
11:43 Feudal Age
16:19 Castle Age
14:13 Double-Bit Axe
14:12 Horse Collar
14:39 Gold Mining
14:40 Loom
17:51 Heavy Plow
23:58 Squires
23:44 Gambesons
23:45 Arson
27:49 Scale Mail Armor
27:59 Forging
29:30 Chain Mail Armor
33:27 Imperial Age
33:52 Wheelbarrow
33:02 Town Watch
34:47 Plate Mail Armor
34:52 Iron Casting
34:10 Elite Varangian Guard
35:50 Hamask
从不压堡之人
10:51 Feudal Age
14:48 Castle Age
12:51 Double-Bit Axe
13:47 Horse Collar
15:05 Wheelbarrow
15:09 Loom
17:18 Town Watch
20:51 Loom
25:56 Fletching
26:40 Inquisition
27:59 Hand Cart
28:46 Caravan
30:02 Scale Barding Armor
31:43 Sanctity
35:03 Imperial Age
33:14 Bodkin Arrow
33:26 Padded Archer Armor
33:23 Stone Mining
33:26 Gold Mining
35:16 Stone Shaft Mining
34:56 Bow Saw
34:48 Heavy Plow
34:54 Town Patrol
36:21 Theocracy
36:01 Block Printing
36:12 Illumination
35:57 Redemption
35:58 Fervor
36:00 Guilds
36:54 Two-Man Saw
37:27 Supremacy
我不是蓝精灵
10:56 Feudal Age
14:53 Castle Age
13:05 Double-Bit Axe
13:36 Horse Collar
15:14 Wheelbarrow
16:18 Bow Saw
16:09 Heavy Plow
18:21 Town Watch
20:04 Loom
21:46 Devotion
23:50 Gold Mining
24:44 Hand Cart
25:28 Fortified Wall
25:16 Fletching
30:09 Imperial Age
28:30 Bodkin Arrow
31:44 Crop Rotation
31:50 Bracer
31:50 Padded Archer Armor
32:25 Ballistics
33:06 Chemistry
33:00 Thumb Ring
32:15 Crossbowman
34:04 Leather Archer Armor
33:54 Arbalester
34:41 Herbal Medicine
36:31 Forging
36:22 Scale Mail Armor
夜清尘
10:51 Feudal Age
14:23 Castle Age
12:23 Double-Bit Axe
12:57 Horse Collar
15:44 Bow Saw
16:14 Wheelbarrow
15:25 Loom
29:51 Imperial Age
28:46 Hand Cart
28:17 Town Watch
28:24 Gold Mining
28:28 Stone Mining
28:15 Hamask
29:02 Scale Mail Armor
29:25 Town Patrol
30:03 Gold Shaft Mining
30:04 Stone Shaft Mining
29:49 Forging
29:47 Squires
29:36 Gambesons
30:11 Elite Jomsviking
31:13 Conscription
31:37 Capped Ram
32:06 Arson
31:46 Northmen's Fury
32:30 Siege Ram
33:01 Elite Varangian Guard
34:20 Chain Mail Armor
34:44 Iron Casting
35:06 Siege Engineers
36:55 Chemistry
36:30 Plate Mail Armor
37:19 Blast Furnace
我独自送头 Solo Feeding
10:45 Feudal Age
11:58 Double-Bit Axe
14:33 Castle Age
12:48 Horse Collar
16:01 Wheelbarrow
22:19 Bow Saw
22:28 Gold Mining
25:13 Hand Cart
24:59 Heavy Plow
28:00 Imperial Age
26:14 Loom
26:15 Town Watch
26:37 Scale Barding Armor
26:42 Forging
27:05 Stone Mining
27:38 Chain Barding Armor
28:22 Bloodlines
28:12 Husbandry
28:22 Bloodlines
28:12 Husbandry
27:55 Vendel Legacy
28:09 Cavalier
29:53 Two-Man Saw
30:02 Plate Barding Armor
30:02 Iron Casting
31:46 Blast Furnace
31:05 Fletching
33:17 Chemistry
32:42 Ballistics
32:22 Bodkin Arrow
32:28 Padded Archer Armor
33:05 Caravan
33:33 Bracer
33:48 Leather Archer Armor
32:58 Cranequins
33:04 Heavy Mounted Crossbowman
36:58 Ring Archer Armor
Connection lost

Rejoining the realm…

Still unreachable

The connection could not be restored.

Session expired

The server has moved on; the page needs a fresh start.